 Dungeon Crawl Stone Soup version 0.19.5 (webtiles) character file.

373 AAAAA the Chopper (level 6, -8/38 HPs)
             Began as a Tengu Gladiator on May 1, 2017.
             Killed from afar by Tadashi's ghost (14 damage)
             ... with a puff of flame
             ... on level 5 of the Dungeon.
             The game lasted 00:03:18 (2758 turns).

AAAAA the Chopper (Tengu Gladiator)                 Turns: 2758, Time: 00:03:19

Health: -8/38      AC: 14    Str: 22    XL:     6   Next: 72%
Magic:  7/7        EV:  8    Int:  8    God:
Gold:   71         SH:  0    Dex: 15    Spells: 0 memorised, 5 levels left

rFire  . . .     SeeInvis .     a - +0 war axe
rCold  . . .     Gourm    .     e - +0 plate armour
rNeg   . . .     Faith    .     (no shield)
rPois  .         Spirit   .     c - +0 hat
rElec  .         Reflect  .     r - +0 cloak
rCorr  .         Harm     .     j - +0 pair of gloves
MR     .....                    (boots unavailable)
Stlth  ..........               (no amulet)
                                (no ring)
                                (no ring)

@: mighty
A: beak, talons 3, able to fly 1
a: Fly


You were on level 5 of the Dungeon.
You were not hungry.

You visited 1 branch of the dungeon, and saw 5 of its levels.

You collected 71 gold pieces.

Inventory:

Hand Weapons
 a - a +0 war axe (weapon)
 o - a +1 dagger of venom
Missiles
 d - 3 throwing nets (quivered)
 g - 83 stones
 n - 5 poisoned needles
Armour
 b - a +0 leather armour
 c - a +0 hat (worn)
 e - a +0 plate armour (worn)
 j - a +0 pair of gloves (worn)
 r - a +0 cloak (worn)
Wands
 p - a wand of slowing (33/48)
Scrolls
 i - a scroll of enchant armour {unknown}
 l - a scroll of magic mapping {unknown}
 m - a scroll of remove curse {unknown}
 q - a scroll of recharging {unknown}
Potions
 k - 2 potions of flight
Comestibles
 f - a bread ration


   Skills:
 + Level 4.2 Fighting
 + Level 5.5 Axes
 - Level 2.0 Throwing
 + Level 3.7 Armour
 - Level 3.2 Dodging


You had 5 spell levels left.
You didn't know any spells.

Dungeon Overview and Level Annotations

Branches:
Dungeon (5/15)
 Temple: D:4-7

Altars:
Ashenzari
Cheibriados

Annotations:
D:4 Menkaure
D:5 Tadashi's ghost, novice DEFE


Innate Abilities, Weirdness & Mutations

You have a beak for a mouth.
You have claws for feet.
You can fly.


Message History

Tadashi's ghost hits you but does no damage.
Tadashi's ghost gestures at you while chanting.
The flame tongue hits you!
* * * LOW HITPOINT WARNING * * *
Tadashi's ghost casts a spell at you. The puff of flame hits you!
As you read the scroll of teleportation, it crumbles to dust.
You feel strangely unstable.
Your surroundings seem slightly different.
Tadashi's ghost gestures at you while chanting.
The puff of flame hits you!
* * * LOW HITPOINT WARNING * * *
Things that are here:
a spear; a curved brass wand It was a potion of might.
You feel very mighty all of a sudden.
You see here a pair of gloves.
Tadashi's ghost points at you and mumbles some strange words.
The puff of flame hits you!
You die...

#.......# #.#
#.......# #.#
#.......# #.#
#.......# #.#
#...W.).# #.#
####...## #.#
#..[# #.#
######...######.#
......'...@......#
#######...########
#####


You could see Tadashi's ghost.

Vanquished Creatures
  A centaur (D:5)
  2 howler monkeys
  2 hounds (D:4)
  3 worker ants
  A killer bee zombie (D:5)
  An adder (D:2)
  An ooze (D:2)
  2 dart slugs
  A leopard gecko (D:5)
  5 orcs (D:5)
  A ball python (D:1)
  2 bats (D:1)
  5 goblins
  2 hobgoblins
  4 jackals (D:2)
  5 kobolds
  2 quokkas
  2 frilled lizards
  A leopard gecko skeleton (D:4)
  8 rats
51 creatures vanquished.

Notes
Turn   | Place    | Note
-------+----------+-------------------------------------------
     0 | D:1      | AAAAA the Tengu Gladiator began the quest for the Orb.
     0 | D:1      | Reached XP level 1. HP: 12/12 MP: 2/2
    84 | D:1      | Reached XP level 2. HP: 16/17 MP: 3/3
   147 | D:1      | Reached skill level 1 in Armour
   653 | D:2      | Reached XP level 3. HP: 16/22 MP: 4/4
   854 | D:2      | Reached skill level 4 in Axes
  1454 | D:3      | You fall through a shaft!
  1467 | D:4      | Reached XP level 4. HP: 18/28 MP: 5/5
  1470 | D:4      | Gained mutation: You can fly. [Tengu growth]
  1470 | D:4      | Reached XP level 5. HP: 15/32 MP: 6/6
  1761 | D:4      | Noticed Menkaure
  1769 | D:5      | Entered Level 5 of the Dungeon
  2035 | D:5      | Noticed a centaur
  2051 | D:5      | Killed a centaur
  2051 | D:5      | Reached skill level 5 in Axes
  2051 | D:5      | Reached XP level 6. HP: 14/38 MP: 7/7
  2287 | D:5      | Found a shattered altar of Ashenzari.
  2307 | D:5      | Found a snail-covered altar of Cheibriados.
  2735 | D:5      | Noticed Tadashi's ghost (novice DEFE)
  2758 | D:5      | Killed from afar by Tadashi's ghost

Skill      XL: |  1  2  3  4  5 |
---------------+----------------+-----
Armour         | 1 2 3 |  3.7
Axes           | 4 5 |  5.5
Fighting       | 3 4 |  4.2
Throwing       | |  2.0
Dodging        | |  3.2

Action                   |  1- 3 |  4- 6 || total
-------------------------+-------+-------++-------
Melee: War axe           |    84 |    64 ||   148
       Kick              |    20 |    23 ||    43
       Peck              |     9 |     9 ||    18
 Abil: Fly               |       |     2 ||     2
  Use: Scroll            |       |     4 ||     4
       Potion            |       |     3 ||     3
  Eat: Chunk             |     2 |     4 ||     6
Armor: Plate armour      |    66 |    43 ||   109
Dodge: Dodged            |    29 |    25 ||    54
